 Dungeon Crawl Stone Soup version 0.32-a0-576-g706899e69d (webtiles) character file.

Game seed: 6772460474109484267

24 cforsyth the Grave Robber (level 2, -4/24 HPs)
             Began as a Mountain Dwarf Necromancer on Mar 2, 2024.
             Slain by a cerulean imp
             ... wielding a +2 spear
             ... summoned by Natasha
              (5 damage)
             ... on level 2 of the Dungeon.
             The game lasted 00:00:57 (1044 turns).

cforsyth the Grave Robber (MDNe)                    Turns: 1044, Time: 00:00:58

Health: -4/24      AC:  2    Str: 10    XL:     2   Next: 79%
Magic:  1/4        EV: 11    Int: 15    God:
Gold:   45         SH:  0    Dex: 10    Spells: 3/4 levels left

rFire   . . .        f - +0 hand axe
rCold   . . .        (no shield)
rNeg    . . .        a - +0 robe
rPois   .            (no helmet)
rElec   .            (no cloak)
rCorr   .            (no gloves)
SInv    .            (no boots)
Will    .....        (no amulet)
Stlth   ++           (no ring)
HPRegen 0.24/turn    (no ring)
MPRegen 0.09/turn

%: no passive effects
@: no status effects
A: runic magic, artefact enchanting
a: no special abilities


You were on level 2 of the Dungeon.
You visited 1 branch of the dungeon, and saw 2 of its levels.

You collected 45 gold pieces.


Innate Abilities, Weirdness & Mutations

Your spellcasting is much less encumbered by armour.
You can use scrolls of enchantment on lesser artefacts.


   Skills:
 + Level 1.8 Fighting
 - Level 1.3 Dodging
 - Level 1.4 Stealth
 - Level 1.7 Spellcasting
 + Level 4.9 Necromancy


You had 3 spell levels left.
You knew the following spells:

 Your Spells              Type           Power      Damage    Failure   Level
X - Necrotise             Necr           64%        1d7       3%          1

Your spell library contained the following spells:

 Spells                   Type           Power      Damage    Failure   Level
 Vampiric Draining        Necr           16%        2d7       9%          3
 Animate Dead             Necr           16%        N/A       30%         4
 Curse of Agony           Necr           16%        N/A       63%         5

Inventory:

Hand Weapons
 f - a +0 hand axe (weapon)
Armour
 a - a +0 robe (worn)
Magical Staves
 e - a staff of air {!a}
Scrolls
 c - a scroll of vulnerability {unknown}
 g - a scroll of noise {unknown}
Potions
 b - a potion of magic
 d - a potion of mutation {unknown}
 h - a potion of resistance {unknown}

Dungeon Overview and Level Annotations

Branches:
Dungeon (2/15)

Altars:

Annotations:
D:2 Natasha

# #. #.#.# #.#..
#### .... ... #
#.####.####.
#.#.[.........
#.#...)5...... #.#
#.....@h...... ..
###.####.####. #.#
#.....# # #.## #
###.###.# ..<##.#
#...# #.#
....#.###.#.###.#
................##
....#####.........
...## #.########


You could see Natasha and a cerulean imp (summoned).


Message History

Natasha is severely wounded.
You closely miss the goblin. Natasha closely misses you.
Unknown command.
You hit Natasha.
Natasha is severely wounded.
You hit the goblin. x2; The goblin hits you with a +0 dagger.
* * * LOW HITPOINT WARNING * * *
The goblin barely misses you. Natasha barely misses you.
Unknown command.
You hit Natasha.
Natasha is almost dead.
You hit the goblin.
You kill the goblin!
You closely miss the goblin. The goblin barely misses you.
Natasha claws you but does no damage. The goblin misses you.
Unknown command.
Unknown command.
You hit Natasha.
Natasha is almost dead.
You hit the goblin.
You kill the goblin!
Natasha casts a spell.
Natasha claws you!
* * * LOW HITPOINT WARNING * * *
You completely miss Natasha.
Natasha is almost dead.
You hit the cerulean imp. Natasha claws you.
* * * LOW HITPOINT WARNING * * *
The cerulean imp hits you with a +2 spear.
You die...

Skill      XL: |  1 |
---------------+----+-----
Fighting       | 1 |  1.8
Dodging        | |  1.3
Stealth        | |  1.4
Spellcasting   | |  1.7
Necromancy     | |  4.9

Action                     || total
---------------------------++-------
  Melee: Unarmed           ||     3
         Hand axe          ||     9
   Cast: Necrotise         ||    33
 Armour: Robe              ||    10
  Dodge: Dodged            ||    13

Levels and vault maps discovered:
D:1:      dpeg_arrival_prison, layout_basic, minmay_statues_item
D:2:      layout_loops_ring, hex_large, uniq_natasha

Notes
Turn   | Place    | Note
-------+----------+-------------------------------------------
     0 | D:1      | cforsyth the Mountain Dwarf Necromancer began the quest for
                  | the Orb.
     0 | D:1      | Reached XP level 1. HP: 14/14 MP: 3/3
   202 | D:1      | Reached skill level 1 in Fighting
   266 | D:1      | Reached XP level 2. HP: 23/23 MP: 1/4
  1032 | D:2      | Noticed Natasha
  1044 | D:2      | HP: 1/24 [Natasha (5)]
  1044 | D:2      | Slain by a cerulean imp

Vanquished Creatures
  A dart slug (D:1)
  A ball python (D:1)
  3 endoplasms (D:1)
  A giant cockroach (D:1)
  4 goblins
  2 hobgoblins (D:2)
  A quokka (D:2)
  A bat (D:1)
  6 rats
20 creatures vanquished.

Table legend: (Time is in decaauts)
 A = Elapsed time spent in this place.
 B = Non-inter-level travel time spent in this place.
 C = Inter-level travel time spent in this place.
 D = Time resting spent in this place.
 E = Time spent auto-exploring this place.
 F = Levels seen in this place.
 G = Mean time per level.
                   A        B        C        D        E       F      G
               +--------+--------+--------+--------+--------+-----+--------+
         Total |   1045 |   1003 |     42 |      0 |    892 |   2 |  522.5 |
       Dungeon |   1045 |   1003 |     42 |      0 |    892 |   2 |  522.5 |
               +--------+--------+--------+--------+--------+-----+--------+

Top non-repeatable levels by time:
     D:1: 908 daAuts
     D:2: 137 daAuts

Table legend:
 A = Non-vault XP
 B = Vault XP
 C = Vault XP percentage of total XP
 D = Non-vault monster count
 E = Vault monster count
 F = Vault count percentage of total count
                 A         B        C        D         E       F
            +---------+---------+-------+---------+---------+-------
      Total |      32 |       3 |   8.6 |      17 |       3 |  15.0
            +---------+---------+-------+---------+---------+-------
        D:1 |      21 |       3 |  12.5 |      11 |       3 |  21.4
        D:2 |      11 |       0 |   0.0 |       6 |       0 |   0.0
            +---------+---------+-------+---------+---------+-------
